 Dungeon Crawl Stone Soup version 0.17-a0-957-ga3519be (webtiles) character file.

105 Woebin the Magician (level 4, -5/30 HPs)
             Began as a Mummy Wizard on May 7, 2015.
             Killed by divine providence
             ... invoked by an orc priest
              (10 damage)
             ... on level 3 of the Dungeon.
             The game lasted 00:16:44 (3842 turns).

Woebin the Magician (Mummy Wizard)                  Turns: 3842, Time: 00:16:45

Health: -5/30      AC:  2    Str: 10    XL:     4   Next: 54%
Magic:  3/9        EV: 11    Int: 18    God:
Gold:   115        SH:  3    Dex: 10    Spells: 5 memorised, 0 levels left

rFire  x . .     SeeInvis .     f - +0 hunting sling
rCold  + . .     Clarity  .     a - +0 robe
rNeg   + + +     SustAb   .     d - +0 buckler
rPois  ∞         Gourm    .     b - +0 hat
rElec  .         Spirit   .     (no cloak)
rCorr  .         Warding  .     (no gloves)
rMut   .         Stasis   .     (no boots)
MR     .....                    i - amulet of rage
Stlth  ++........               (no ring)
                                (no ring)

@: very slightly contaminated, not resistant to hostile enchantments, unstealthy
A: no food or potions, fire vulnerability, cold resistance 1, negative energy
resistance 3, torment resistance, unbreathing
a: no special abilities


You were on level 3 of the Dungeon.
You were not hungry.

You visited 1 branch of the dungeon, and saw 3 of its levels.

You collected 115 gold pieces.

Inventory:

Hand weapons
 e - a +0 whip
 f - a +0 hunting sling (weapon)
Missiles
 g - 107 stones (quivered)
Armour
 a - a +0 robe (worn)
 b - a +0 hat (worn)
 d - a +0 buckler (worn)
Jewellery
 i - an amulet of rage (around neck)
Scrolls
 h - 2 scrolls of identify {unknown}
 j - a scroll of enchant armour {unknown}
 k - a scroll of teleportation
 l - a scroll of magic mapping {unknown}
 m - a scroll of remove curse
Books
 c - a book of Minor Magic

   Spells                             Type                      Level
   a - Magic Dart                     Conjuration                  1
   b - Blink                          Translocation                2
   c - Call Imp                       Summoning                    2
   d - Repel Missiles                 Charms/Air                   2
   e - Slow                           Hexes                        2
   f - Conjure Flame                  Conjuration/Fire             3
   g - Mephitic Cloud                 Conjuration/Poison/Air       3


   Skills:
 + Level 0.8 Slings
 + Level 1.9 Dodging
 + Level 1.9 Stealth
 + Level 3.9 Spellcasting
 + Level 1.4 Conjurations
 + Level 1.0 Hexes
 + Level 1.1 Summonings
 + Level 0.7 Translocations
 * Level 0.1 Fire Magic


You couldn't memorise any spells.
You knew the following spells:

 Your Spells              Type           Power        Failure   Level  Hunger
a - Magic Dart            Conj           #...         17%         1    N/A
b - Slow                  Hex            #.......     30%         2    N/A
c - Call Imp              Summ           #.......     24%         2    N/A
d - Conjure Flame         Conj/Fire      #.......     63%         3    N/A
e - Blink                 Tloc           N/A          30%         2    N/A

Dungeon Overview and Level Annotations

Branches:
Dungeon (3/15)

Altars:


Innate Abilities, Weirdness & Mutations

You do not eat or drink.
Your flesh is vulnerable to fire.
You are immune to poison.
Your flesh is cold resistant.
You are immune to negative energy.
You are immune to unholy pain and torment.
You can survive without breathing.


Message History

Confirm with . or Enter, or press ? or * to list all spells.
Aiming: Conjure Flame
Press: ? - help, Dir - move target cursor You miscast Conjure Flame.
Fire whirls out from your hands!
A fire vortex comes into view.
An orc priest comes into view. It is wielding a whip.
Press: ? - help, v - describe, . - travel
Here: a fire vortex (durably summoned)
The floor.
The orc priest shouts!
The fire vortex barely misses you.
An orc comes into view. It is wielding a dagger.
The fire vortex hits you. The fire vortex burns you!
The fire burns you terribly!
Ouch! That really hurt!
* * * LOW HITPOINT WARNING * * *
The fire vortex dissipates!
The orc priest mumbles some strange prayers to Beogh against you.
Something smites you!
You die...

#. #.. # #.
#.# .#o
#.#######
....#.......#
o.o.o.o?....#
............#
#o######
##### ####
#o.....#
#.#.# #...
######@#
#..## #...
#.# ##.# #...
#.#####.##
#...
#........#
#..)
#######..#
#... ##.#
#.÷.
#.######...
#..##.##...
###..##.#####


You could see an orc priest and an orc.

Vanquished Creatures
  4 adders
  An ooze (D:2)
  A giant gecko (D:1)
  2 orcs (D:3)
  3 giant cockroaches
  3 hobgoblins (D:2)
  3 jackals (D:1)
  4 kobolds
  4 bats
  3 giant newts
  2 goblins
  7 rats
37 creatures vanquished.

Vanquished Creatures (collateral kills)
  An orc priest (D:3)
  An adder (D:2)
  2 giant geckos (D:1)
  An orc (D:3)
  A bat (D:2)
  A giant cockroach (D:1)
  2 goblins (D:2)
  A hobgoblin (D:2)
10 creatures vanquished.

Vanquished Creatures (others)
  A fire vortex (D:3)
1 creature vanquished.

Grand Total: 48 creatures vanquished

Notes
Turn   | Place    | Note
--------------------------------------------------------------
     0 | D:1      | Woebin, the Mummy Wizard, began the quest for the Orb.
     0 | D:1      | Reached XP level 1. HP: 13/13 MP: 4/4
   477 | D:1      | Reached XP level 2. HP: 19/19 MP: 3/6
   768 | D:1      | Learned a level 2 spell: Slow
   771 | D:1      | Learned a level 2 spell: Call Imp
  1006 | D:1      | Reached skill level 1 in Conjurations
  1681 | D:2      | Reached XP level 3. HP: 24/24 MP: 8/8
  1694 | D:2      | Learned a level 3 spell: Conjure Flame
  2123 | D:2      | Reached skill level 1 in Summonings
  2988 | D:3      | Reached XP level 4. HP: 10/30 MP: 0/9
  3182 | D:3      | Learned a level 2 spell: Blink
  3392 | D:3      | Reached skill level 1 in Hexes
  3835 | D:3      | Noticed an orc warrior
  3837 | D:3      | Noticed a fire vortex
  3839 | D:3      | Killed a fire vortex
  3842 | D:3      | Killed from afar by an orc priest

Action                   |  1- 3 |  4- 6 || total
-------------------------+-------+-------++-------
Melee: Whip              |    20 |       ||    20
       Unarmed           |     5 |       ||     5
 Fire: Hunting sling     |    45 |    25 ||    70
 Cast: Magic Dart        |    52 |     8 ||    60
       Call Imp          |    10 |     4 ||    14
       Slow              |    10 |     4 ||    14
       Conjure Flame     |     1 |     3 ||     4
  Use: Scroll            |     2 |       ||     2
 Stab: Sleeping          |     1 |       ||     1
